 Dungeon Crawl Stone Soup version 0.30-a0-4-ga7cffc901d (webtiles) character file.

Game seed: 13976414494440167652

858 Setbun the Slicer (level 8, 0/50 HPs)
             Began as a Kobold Berserker on Aug 20, 2022.
             Was a Priest of Trog.
             Slain by an orc
             ... wielding a +0 hand axe
              (1 damage)
             ... on level 4 of the Dungeon.
             The game lasted 00:04:11 (4870 turns).

Setbun the Slicer (Kobold Berserker)                Turns: 4870, Time: 00:04:12

Health: 0/50       AC:  3    Str: 15    XL:     8   Next: 22%
Magic:  8/8        EV: 17    Int:  8    God:    Trog [***...]
Gold:   174        SH:  0    Dex: 16    Spells: 7/7 levels left

rFire   . . .      SeeInvis .    p - +3 dagger (flame)
rCold   . . .      Faith    +    (no shield)
rNeg    . . .      Spirit   .    b - +0 animal skin
rPois   .          Reflect  .    (no helmet)
rElec   .          Harm     .    (no cloak)
rCorr   .          Rampage  .    g - +0 pair of gloves
Will    .....                    (no boots)
Stlth   ++++......               c - amulet of faith
HPRegen 0.16/turn                (no ring)
MPRegen 0.11/turn                (no ring)

@: on berserk cooldown, slowed, very slow
A: small, no large weapons, nightstalker 3
a: Renounce Religion, Berserk, Trog's Hand


You were on level 4 of the Dungeon.
You worshipped Trog.
Trog was most pleased with you.
You visited 1 branch of the dungeon, and saw 4 of its levels.

You collected 174 gold pieces.

Inventory:

Hand Weapons
 a - a +0 short sword
 p - a +3 dagger of flaming (weapon)
Armour
 b - a +0 animal skin (worn)
 g - a +0 pair of gloves (worn)
 t - a +0 buckler
Jewellery
 c - an amulet of faith (around neck)
 i - an amulet of magic regeneration
Scrolls
 d - a scroll of vulnerability {unknown}
 e - 3 scrolls of identify {unknown}
 l - a scroll of summoning {unknown}
 n - a scroll of enchant weapon {unknown}
 q - 3 scrolls of teleportation {unknown}
 r - a scroll of torment {unknown}
Potions
 f - a potion of mutation {unknown}
 h - a potion of heal wounds {unknown}
 j - a potion of curing {unknown}
 k - a potion of ambrosia {unknown}
 m - 2 potions of flight {unknown}
 o - a potion of berserk rage {unknown}
 s - a potion of magic {unknown}


   Skills:
 + Level 5.5 Fighting
 * Level 8.6 Short Blades
 - Level 1.5 Armour
 + Level 5.4 Dodging
 + Level 4.1 Stealth


You had 7 spell levels left.
You didn't know any spells.
Your spell library was empty.

Dungeon Overview and Level Annotations

Branches:
Dungeon (4/15)
 Temple: D:4-7

Altars:
Ru
Sif Muna
Zin

Shops:
D:1 :=[[[


Innate Abilities, Weirdness & Mutations

You are small and have problems with some larger weapons.
You are completely attuned to the shadows.


Message History

The orc warrior is lightly wounded.
You puncture the orc warrior! You burn the orc warrior.
The orc warrior is severely wounded.
The orc misses you.
The orc priest calls upon Beogh to heal the orc warrior.
The orc warrior is healed somewhat.
The orc closely misses you.
You hit the orc warrior. You burn the orc warrior.
The orc warrior is almost dead.
You puncture the orc warrior! You burn the orc warrior.
You kill the orc warrior!
Trog accepts your kill.
Your Stealth skill increases to level 4!
You closely miss the orc. The orc barely misses you.
The orc completely misses you.
Things that are here:
a +0 scimitar; a +0 arbalest; a +0 plate armour You hit the orc priest.
You burn the orc priest.
The orc priest is heavily wounded.
The orc priest mumbles some strange prayers to Beogh against you.
Beogh smites you!
* * * LOW HITPOINT WARNING * * *
The orc closely misses you.
You closely miss the orc priest.
The orc priest is heavily wounded.
You hit the orc priest. You burn the orc priest.
The orc priest is severely wounded.
You completely miss the orc priest.
The orc priest is severely wounded.
The orc priest closely misses you. The orc misses you.
The orc closely misses you.
You closely miss the orc priest.
The orc priest is severely wounded.
You puncture the orc priest! You burn the orc priest.
You kill the orc priest!
Trog accepts your kill.
You are no longer berserk.
You are exhausted.
You feel yourself slow down. The orc completely misses you.
The orc hits you with a +0 hand axe.
You die...

.#......# .#
.#......# #.#
........# #.######
.##.########......#
....#......'......#
.####.######.)....#
.......... #†)....#
#####.###. #...o..#
#.# .....o@## #.#
######)# #.. #.#
#.# #.#


You could see 2 orcs.

Vanquished Creatures
  The ghost of jfcaron the Skirmisher, a novice GnHu (D:3)
  An orc warrior (D:4)
  A centaur (D:3)
  A phantom (D:4)
  A bullfrog (D:3)
  3 orc priests
  An orc wizard (D:4)
  2 iguanas (D:4)
  2 adders
  An ufetubus (D:4)
  4 worms
  4 dart slugs
  7 orcs (D:3)
  7 bats
  2 endoplasms
  4 giant cockroaches
  4 goblins
  8 hobgoblins
  4 jackals (D:3)
  7 quokkas
  3 ball pythons
  3 frilled lizards (D:1)
  6 kobolds
  3 rats (D:1)
80 creatures vanquished.

Notes
Turn   | Place    | Note
-------+----------+-------------------------------------------
     0 | D:1      | Setbun the Kobold Berserker began the quest for the Orb.
     0 | D:1      | Reached XP level 1. HP: 14/14 MP: 1/1
    18 | D:1      | Found Feecuiwk's Jewellery Shoppe.
    56 | D:1      | Found Riov's Antique Armour Shoppe.
    57 | D:1      | Found Norphegyq's Armour Emporium.
   314 | D:1      | Reached XP level 2. HP: 12/19 MP: 2/2
   756 | D:1      | Found Tieguvi's Book Shop.
   789 | D:1      | Reached XP level 3. HP: 22/23 MP: 3/3
   845 | D:1      | Reached ** piety under Trog
   915 | D:1      | Found Ereyk's Armour Shop.
  1056 | D:2      | Reached skill level 5 in Short Blades
  1567 | D:2      | Reached XP level 4. HP: 23/29 MP: 4/4
  2592 | D:3      | Found a shimmering blue altar of Sif Muna.
  3020 | D:3      | Noticed a centaur
  3031 | D:3      | Killed a centaur
  3032 | D:3      | Reached skill level 6 in Short Blades
  3032 | D:3      | Reached XP level 5. HP: 17/33 MP: 5/5
  3346 | D:3      | Found a runed translucent door.
  3346 | D:3      | Noticed a bullfrog
  3349 | D:3      | Noticed jfcaron's ghost (novice GnHu)
  3581 | D:3      | Found a sacrificial altar of Ru.
  3607 | D:3      | Reached XP level 6. HP: 26/39 MP: 6/6
  3806 | D:3      | Reached skill level 1 in Stealth
  3962 | D:3      | Reached *** piety under Trog
  4155 | D:3      | Found a glowing silver altar of Zin.
  4266 | D:3      | Reached skill level 7 in Short Blades
  4277 | D:3      | Killed jfcaron's ghost
  4278 | D:3      | Reached skill level 5 in Fighting
  4278 | D:3      | Reached skill level 5 in Dodging
  4278 | D:3      | Reached XP level 7. HP: 40/44 MP: 7/7
  4388 | D:4      | Reached skill level 8 in Short Blades
  4631 | D:4      | Reached XP level 8. HP: 43/49 MP: 8/8
  4865 | D:4      | HP: 1/75 [orc priest/divine providence (12)]
  4870 | D:4      | Slain by an orc

Illustrated notes

Levels and vault maps discovered:
D:1:      saegor_arrival_simple_a, layout_rooms, serial_shops, shop, shop,
          nicolae_shop_window_shopping, nicolae_shop_hallway_plus, shop,
          minmay_indecisive_spiral
D:2:      kb_forest_paths, layout_basic, serial_corexii_hall,
          corexii_hall_statues_x, corexii_hall_statues_i, grunt_ministairs_15,
          chequers_serial_rivers_marsh
D:3:      layout_loops_ring, nicolae_sif_muna_little_library,
          mainiacjoe_overflow_24_doors, zin_treasury, serial_rivers,
          chequers_serial_rivers_small_a, chequers_serial_rivers_room_b,
          chequers_serial_rivers_room_b, chequers_serial_rivers_micro_d,
          chequers_serial_rivers_small_a, ebering_ghost_sewer_d,
          kennysheep_generic_room_11
D:4:      layout_basic

Skill      XL: |  1  2  3  4  5  6  7  8 |
---------------+-------------------------+-----
Dodging        | 3 4 5 |  5.4
Short Blades   | 5 6 7 8 |  8.6
Fighting       | 4 5 |  5.5
Stealth        | 3 4 |  4.1
Armour         | |  1.5

Action                   |  1- 3 |  4- 6 |  7- 9 || total
-------------------------+-------+-------+-------++-------
Melee: Short sword       |   127 |    46 |       ||   173
       Dagger            |       |    81 |    51 ||   132
       Punch             |       |     2 |     1 ||     3
Invok: Berserk           |       |     5 |     1 ||     6
       Trog's Hand       |       |     1 |       ||     1
 Stab: Sleeping          |     8 |     5 |     3 ||    16
Armor: Animal skin       |    20 |     9 |       ||    29
Dodge: Dodged            |    83 |    73 |    24 ||   180

Table legend: (Time is in decaauts)
 A = Elapsed time spent in this place.
 B = Non-inter-level travel time spent in this place.
 C = Inter-level travel time spent in this place.
 D = Time resting spent in this place.
 E = Time spent auto-exploring this place.
 F = Levels seen in this place.
 G = Mean time per level.
                   A        B        C        D        E       F      G
               +--------+--------+--------+--------+--------+-----+--------+
         Total |   4834 |   4678 |    156 |   1506 |   2688 |   4 | 1208.5 |
       Dungeon |   4834 |   4678 |    156 |   1506 |   2688 |   4 | 1208.5 |
               +--------+--------+--------+--------+--------+-----+--------+

Top non-repeatable levels by time:
     D:3: 1815 daAuts
     D:2: 1480 daAuts
     D:1: 1037 daAuts
     D:4: 501 daAuts
